 Dungeon Sprint DCSS version 0.31-a0-851-g7ff8af7976 (webtiles) character file.

Game seed: 12029595112026021529

12063 sircluck the Brawler (level 11, -16/131 HPs)
             Began as a Troll Berserker on Oct 5, 2023.
             Was a High Priest of Trog.
             Demolished by a death yak (26 damage)
             ... in the Dungeon (Sprint III: "The Ten Rune Challenge").
             The game lasted 00:04:19 (867 turns).

sircluck the Brawler (Troll Berserker)               Turns: 867, Time: 00:04:19

Health: -16/131    AC:  5    Str: 31    XL:     11   Next: 57%
Magic:  10/10      EV: 14    Int:  3    God:    Trog [*****.]
Gold:   65         SH:  0    Dex:  9    Spells: 10/10 levels left

rFire   . .          .
                       - Unarmed
rCold   . . .        (no shield)
rNeg    . . .        a - +0 animal skin
rPois   .            o - +1 hat {Will+}
rElec   .            (no cloak)
rCorr   .            (gloves unavailable)
SInv    .            (boots unavailable)
Will    +....        (no amulet)
Stlth   +            (no ring)
HPRegen 2.01/turn    (no ring)
MPRegen 0.12/turn

%: no teleportation
@: on berserk cooldown
A: large, unfitting armour, claws 3, regeneration 2, shaggy fur 1, tough skin 1,
talons 1
a: Renounce Religion, Berserk, Trog's Hand, Brothers in Arms


You were in the Dungeon.
You worshipped Trog.
Trog was extremely pleased with you.
You visited 1 branch You collected 65 gold pieces.

Inventory:

Armour
 a - a +0 animal skin (worn)
 o - a +1 hat of willpower (worn)
Scrolls
 g - a scroll of blinking
 i - a scroll of immolation {unknown}
 j - 4 scrolls of identify
 l - a scroll of poison {unknown}
Potions
 b - 2 potions of curing
 c - 2 potions of heal wounds
 d - a potion of haste
 e - 2 potions of magic
 f - a potion of berserk rage
 h - 3 potions of mutation
 k - 5 potions of enlightenment
 m - a potion of lignification {unknown}
 p - 2 potions of attraction {unknown}
Miscellaneous
 n - a phantom mirror


   Skills:
 + Level 14.7 Fighting
 + Level 14.5 Dodging
 + Level 17.0 Unarmed Combat


You had 10 spell levels left.
You didn't know any spells.
Your spell library was empty.

Dungeon Overview and Level Annotations

Branches:
Dungeon (1/1)

Altars:
Cheibriados
Dithmenos
Elyvilon
Fedhas
Gozag
Hepliaklqana
Kikubaaqudgha
Makhleb
Nemelex Xobeh
Okawaru
Qazlal
Ru
Sif Muna
Trog
Uskayaw
Vehumet
Wu Jian
Xom
Yredelemnul
Zin
The Shining One
Jiyva
Lugonu

Annotations:
D exclusion: 2 doors


Innate Abilities, Weirdness & Mutations

You are too large for most types of armour.
You have claws for hands.
You heal very quickly.
You are covered in fur. (AC +1)
You have tough skin. (AC +1)
You have sharp toenails.


Message History

You mangle the blink frog!!
You kill the blink frog!
Trog accepts your kill.
A death yak comes into view.
You barely miss the death yak.
The death yak bellows!
You claw the death yak, but do no damage.
Your claw misses the death yak.
You hear an angry hiss.
The blink frog blinks!
A black mamba comes into view.
The death yak gores you but does no damage.
You completely miss the death yak. The death yak gores you!
You claw the death yak! You claw the death yak.
The death yak is moderately wounded.
The death yak gores you!!
* * * LOW HITPOINT WARNING * * *
You mangle the death yak!!
The death yak is heavily wounded.
The death yak gores you but does no damage.
Unknown command.
Unknown command.
You mangle the death yak!!
You claw the death yak, but do no damage.
The death yak is almost dead.
The death yak gores you!!
* * * LOW HITPOINT WARNING * * *
The blink frog blinks!
Unknown command.
Unknown command.
You feel much better. The death yak gores you!!
* * * LOW HITPOINT WARNING * * *
Unknown command.
Unknown command.
Your troll goes berserk!
You feel yourself speed up. The death yak gores you!!
* * * LOW HITPOINT WARNING * * *
The death yak gores you!!
You die...

▓...††~~≈~≈≈~~♣♣.....♣♣♣♣~~~..
▓...#†≈~§§§~.~♣♣.≈≈≈≈'♣♣†♣≈≈≈≈
▓...#≈~~§§§.≈††')†..†#.†♣♣♣♣♣♣
▓...#~~~§§§~≈≈♣♣♣♣♣♣♣#°.♣
▓..)#≈~~~≈~~≈~♣ ###+
▓##'####+#######♣
▓...............♣♣
▓#+#############'♣ .JJ#
P...SYY@†T.♣ ▓..J+
~..F######## ▓...# ~ ▓...#
#+###


You could see 2 death yaks, a black mamba, a blink frog and a friendly troll
(summoned, berserk).

Vanquished Creatures
  A centaur warrior (D)
  Erica (D)
  2 death yaks (D)
  A deep elf pyromancer (D)
  A black mamba (D)
  2 cane toads (D)
  2 unseen horrors (D)
  A rime drake (D)
  A komodo dragon (D)
  3 wandering mushrooms (D)
  7 blink frogs (D)
  A shadow (D)
  A spatial vortex (D)
  A swamp drake (D)
  2 centaurs (D)
  An earth elemental (D)
  A necrophage (D)
  A scorpion (D)
  A water elemental (D)
  A jelly (D)
  A necromancer (D)
  A wizard (D)
  A kobold demonologist (D)
  3 humans (D)
  2 endoplasms (D)
  2 rats (D)
42 creatures vanquished.

Vanquished Creatures (collateral kills)
  Rupert (D)
  Gastronok (D)
  2 dire elephants (D)
  2 elephants (D)
6 creatures vanquished.

Grand Total: 48 creatures vanquished

Notes
Turn   | Place    | Note
-------+----------+-------------------------------------------
     0 | D        | sircluck the Troll Berserker began the quest for the Orb.
     0 | D        | Reached XP level 1. HP: 22/22 MP: 0/0
    14 | D        | Reached ** piety under Trog
    46 | D        | Reached skill level 4 in Unarmed Combat
    46 | D        | Reached XP level 2. HP: 14/31 MP: 1/1
    81 | D        | Noticed a scorpion
    92 | D        | Killed a scorpion
    93 | D        | Reached skill level 5 in Unarmed Combat
    93 | D        | Reached XP level 3. HP: 33/40 MP: 2/2
    93 | D        | Reached XP level 4. HP: 40/49 MP: 3/3
   125 | D        | Noticed a water elemental
   127 | D        | Gained mutation: You have sharp toenails. [potion of
                  | mutation]
   127 | D        | Gained mutation: You heal very quickly. [potion of
                  | mutation]
   131 | D        | Killed a water elemental
   131 | D        | Reached *** piety under Trog
   132 | D        | Reached skill level 5 in Fighting
   132 | D        | Reached skill level 5 in Dodging
   132 | D        | Reached skill level 6 in Unarmed Combat
   132 | D        | Reached XP level 5. HP: 43/57 MP: 4/4
   162 | D        | Found a radiant altar of Vehumet.
   162 | D        | Found a shimmering blue altar of Sif Muna.
   162 | D        | Found an ancient bone altar of Kikubaaqudgha.
   166 | D        | Noticed a hellwing
   169 | D        | Reached skill level 7 in Unarmed Combat
   179 | D        | Found a glowing silver altar of Zin.
   180 | D        | Found a glowing golden altar of the Shining One.
   180 | D        | Found a white marble altar of Elyvilon.
   180 | D        | Noticed a deep elf pyromancer
   183 | D        | Killed a deep elf pyromancer
   183 | D        | Reached **** piety under Trog
   184 | D        | Reached skill level 9 in Unarmed Combat
   184 | D        | Reached XP level 6. HP: 62/72 MP: 5/5
   184 | D        | Reached XP level 7. HP: 69/80 MP: 6/6
   196 | D        | Found a hide-covered altar of Uskayaw.
   196 | D        | Found an iron altar of Okawaru.
   196 | D        | Found a bloodstained altar of Trog.
   196 | D        | Found an ornate altar of the Wu Jian Council.
   196 | D        | Noticed a human
   196 | D        | Noticed a human
   204 | D        | Killed a human
   205 | D        | Reached skill level 10 in Unarmed Combat
   208 | D        | Killed a human
   224 | D        | Found a basalt altar of Yredelemnul.
   224 | D        | Found a shadowy altar of Dithmenos.
   224 | D        | Found a sacrificial altar of Ru.
   229 | D        | Reached ***** piety under Trog
   239 | D        | Noticed a shadow
   242 | D        | Killed a shadow
   243 | D        | Reached XP level 8. HP: 92/92 MP: 7/7
   253 | D        | Found a blossoming altar of Fedhas.
   253 | D        | Found a stormy altar of Qazlal.
   253 | D        | Found a snail-covered altar of Cheibriados.
   253 | D        | Found a burning altar of Makhleb.
   253 | D        | Found a shimmering altar of Xom.
   254 | D        | Found a hazy altar of Hepliaklqana.
   254 | D        | Found an opulent altar of Gozag.
   254 | D        | Found a sparkling altar of Nemelex Xobeh.
   254 | D        | Found a corrupted altar of Lugonu.
   254 | D        | Found a viscous altar of Jiyva.
   266 | D        | Reached skill level 11 in Unarmed Combat
   289 | D        | Noticed Erica
   301 | D        | Killed Erica
   301 | D        | Received a gift from Trog
   302 | D        | Reached skill level 10 in Fighting
   302 | D        | Reached skill level 10 in Dodging
   358 | D        | Reached skill level 12 in Unarmed Combat
   365 | D        | Noticed a centaur warrior
   371 | D        | Killed a centaur warrior
   372 | D        | Reached XP level 9. HP: 66/102 MP: 8/8
   422 | D        | Killed an unseen horror
   423 | D        | Reached skill level 13 in Unarmed Combat
   469 | D        | Killed an unseen horror
   486 | D        | Noticed a wandering mushroom
   492 | D        | Noticed a wandering mushroom
   494 | D        | Noticed a wandering mushroom
   497 | D        | Killed a wandering mushroom
   497 | D        | Received a gift from Trog
   511 | D        | Reached ****** piety under Trog
   531 | D        | Noticed a cane toad
   531 | D        | Noticed a komodo dragon
   531 | D        | Noticed a cane toad
   535 | D        | Killed a cane toad
   536 | D        | Reached XP level 10. HP: 115/115 MP: 9/9
   539 | D        | Killed a cane toad
   540 | D        | Reached skill level 14 in Unarmed Combat
   648 | D        | Received a gift from Trog
   714 | D        | Noticed an elephant
   714 | D        | Noticed an elephant
   714 | D        | Noticed a dire elephant
   714 | D        | Noticed a dire elephant
   716 | D        | Killed an elephant
   717 | D        | Reached skill level 15 in Unarmed Combat
   721 | D        | Killed a dire elephant
   722 | D        | Noticed Gastronok
   725 | D        | Killed a dire elephant
   725 | D        | Killed an elephant
   726 | D        | Reached XP level 11. HP: 94/127 MP: 10/10
   729 | D        | Killed Gastronok
   730 | D        | Reached skill level 16 in Unarmed Combat
   748 | D        | Noticed an azure jelly
   748 | D        | Noticed an azure jelly
   748 | D        | Noticed an azure jelly
   749 | D        | Noticed an azure jelly
   751 | D        | Noticed Rupert
   753 | D        | Paralysed by Rupert for 4 turns
   768 | D        | Killed Rupert
   818 | D        | Noticed a death yak
   818 | D        | Noticed a death yak
   820 | D        | Noticed a death yak
   827 | D        | Killed a death yak
   827 | D        | Received a gift from Trog
   836 | D        | Killed a death yak
   852 | D        | Reached skill level 17 in Unarmed Combat
   860 | D        | Noticed a death yak
   867 | D        | Demolished by a death yak

Illustrated notes

Levels and vault maps discovered:
D:        dungeon_sprint_mu [sprint_mu_entry_forest, sprint_mu_temple_rooms,
          sprint_mu_d1_horrors, sprint_mu_d2_genie, sprint_mu_d3_branching,
          sprint_mu_orc_legion, sprint_mu_elf_gauntlet, sprint_mu_hive_nellie,
          sprint_mu_lair_fedhas, sprint_mu_vaults_butterflies,
          sprint_mu_slime_circle, sprint_mu_shoals_kraken,
          sprint_mu_snake_twists, sprint_mu_blade_basic,
          sprint_mu_crypt_fortress, sprint_mu_tomb_spiral,
          sprint_mu_vestibule_basic, sprint_mu_gehenna_hellfire,
          sprint_mu_dis_giant, sprint_mu_tartarus_statrot,
          sprint_mu_cocytus_islands, sprint_mu_zot1]

Skill      XL: |  1  2  3  4  5  6  7  8  9 10 11 |
---------------+----------------------------------+-----
Fighting       | 3 4 5 8 9 10 11 13 14 | 14.7
Dodging        | 3 4 5 7 9 10 11 13 14 | 14.5
Unarmed Combat | 4 5 6 9 10 12 13 15 17 | 17.0

Action                     |  1- 3 |  4- 6 |  7- 9 | 10-12 || total
---------------------------+-------+-------+-------+-------++-------
  Melee: Unarmed           |    25 |    11 |    78 |    76 ||   190
         Punch             |       |     1 |     7 |     4 ||    12
         Kick              |       |       |    21 |    17 ||    38
 Invoke: Berserk           |     1 |       |     1 |     1 ||     3
         Brothers in Arms  |       |       |       |     5 ||     5
    Use: Potion            |       |     1 |       |     1 ||     2
 Armour: Animal skin       |    12 |     6 |    78 |    55 ||   151
  Dodge: Dodged            |     9 |     1 |    42 |    29 ||    81

Table legend: (Time is in decaauts)
 A = Elapsed time spent in this place.
 B = Non-inter-level travel time spent in this place.
 C = Inter-level travel time spent in this place.
 D = Time resting spent in this place.
 E = Time spent auto-exploring this place.
 F = Levels seen in this place.
 G = Mean time per level.
                   A        B        C        D        E       F      G
               +--------+--------+--------+--------+--------+-----+--------+
         Total |    873 |    866 |      7 |    310 |    116 |   1 |  873.0 |
       Dungeon |    873 |    866 |      7 |    310 |    116 |   1 |  873.0 |
               +--------+--------+--------+--------+--------+-----+--------+

Top non-repeatable levels by time:
       D: 873 daAuts
